 Dungeon Crawl Stone Soup version 0.27-a0-1140-g099f9bb0e8 (webtiles) character file.

Game seed: 7596734958666331646

6464 RepHenryClay the Thaumaturge (level 10, -2/50 HPs)
             Began as a Deep Elf Conjurer on May 8, 2021.
             Was a Priest of Vehumet.
             Slain by a two-headed ogre
             ... wielding a +0 giant spiked club
              (28 damage)
             ... on level 11 of the Dungeon on May 9, 2021.
             The game lasted 00:20:31 (11107 turns).

RepHenryClay the Thaumaturge (Deep Elf Conjurer)   Turns: 11107, Time: 00:20:31

Health: -2/50      AC:  8    Str:  4    XL:     10   Next: 68%
Magic:  5/28       EV: 17    Int: 26    God:    Vehumet [***...]
Gold:   347        SH:  0    Dex: 14    Spells: 18/33 levels left

rFire    . . .     SeeInvis .   a - +2 dagger (elec)
rCold    . . .     Faith    .   (no shield)
rNeg     + . .     Spirit   .   w - +0 robe
rPois    .         Reflect  .   t - +1 helmet
rElec    .         Harm     .   (no cloak)
rCorr    .         Rampage  .   (no gloves)
Will     +....                  (no boots)
Stlth    ++........             (no amulet)
HPRegen  0.16/turn              b - ring of positive energy
MPRegen  0.21/turn              u - +4 ring of protection

@: spiked, very slightly contaminated
A: no striking features
a: Renounce Religion


You were on level 11 of the Dungeon.
You worshipped Vehumet.
Vehumet was most pleased with you.
You visited 2 branches of the dungeon, and saw 12 of its levels.

You collected 568 gold pieces.
You spent 221 gold pieces at shops.

Inventory:

Hand Weapons
 a - a +2 dagger of electrocution (weapon)
 E - a +0 hand axe of flaming
 J - the +6 morningstar "Kuithret" {vamp, +Rage rF- rC+}
   (You found it on level 10 of the Dungeon)

   It inflicts no extra harm, but heals its wielder when it wounds a living foe.
   It makes you vulnerable to fire.
   It protects you from cold.
   It lets you go berserk.
Missiles
 x - a curare-tipped dart
Armour
 d - +0 acid dragon scales
 t - a +1 helmet (worn)
 w - a +0 robe (worn)
 G - a +0 troll leather armour
Jewellery
 b - a ring of positive energy (left hand)
 o - a ring of flight
 u - a +4 ring of protection (right hand)
 A - a ring of protection from fire
 B - an amulet of the acrobat
Wands
 j - a wand of flame (20)
 n - a wand of charming (9)
 q - a wand of paralysis (18)
 s - a wand of acid (19)
 F - a wand of iceblast (4)
Scrolls
 g - 8 scrolls of identify {@r1}
 m - 2 scrolls of amnesia
 y - a scroll of torment {unknown}
 D - 3 scrolls of teleportation
 H - a scroll of brand weapon {unknown}
 I - 5 scrolls of silence {unknown}
 L - a scroll of enchant weapon {unknown}
Potions
 c - a potion of mutation {unknown}
 e - a potion of lignification {unknown}
 f - 3 potions of degeneration {unknown}
 h - a potion of might {unknown}
 i - 2 potions of resistance {unknown}
 k - a potion of brilliance {unknown}
 l - 4 potions of curing {unknown}
 p - 2 potions of magic {unknown}
 r - a potion of cancellation {unknown}
 v - 2 potions of flight {unknown}
 z - a potion of invisibility {unknown}
 C - a potion of haste {unknown}
 K - a potion of heal wounds


   Skills:
 - Level 10.9 Dodging
 - Level 2.4 Stealth
 - Level 12.1 Spellcasting
 - Level 11.6 Conjurations
 + Level 0.0 Earth Magic


You had 18 spell levels left.
You knew the following spells:

 Your Spells              Type           Power      Damage    Failure   Level
a - Magic Dart            Conj           100%       1d8       1%          1
b - Searing Ray           Conj           100%       3d7       1%          2
c - Iskenderun's Mystic   Conj/Tloc      46%        2d10      1%          4
d - Iskenderun's Battles  Conj           66%        2d12      1%          5
e - Stone Arrow           Conj/Erth      92%        3d12      1%          3

Your spell library contained the following spells:

 Spells                   Type           Power      Damage    Failure   Level
 Sticky Flame             Conj/Fire      46%        2d6       1%          4
 Shock                    Conj/Air       100%       1d9       1%          1
 Static Discharge         Conj/Air       46%        N/A       1%          2
 Dazzling Flash           Conj/Hex       92%        N/A       1%          3
 Fulminant Prism          Conj/Hex       23%        3d13      1%          4
 Lightning Bolt           Conj/Air       23%        1d38      2%          5
 Bolt of Magma            Conj/Fire/Erth 17%        4d9       6%          5
 Orb of Destruction       Conj           33%        9d12      7%          7
 Swiftness                Air            15%        N/A       11%         3
 Airstrike                Air            7%         N/A       11%         4
 Iron Shot                Conj/Erth      23%        9d5       13%         6
 Spellforged Servitor     Conj/Summ      23%        N/A       54%         7


Dungeon Overview and Level Annotations

Branches:
Dungeon (11/15)            Temple (1/1) D:4            Lair (0/6) D:10
    Orc (0/2) D:11

Altars:
Ashenzari
Cheibriados
Dithmenos
Elyvilon
Fedhas
Gozag
Hepliaklqana
Kikubaaqudgha
Makhleb
Nemelex Xobeh
Okawaru
Qazlal
Ru
Sif Muna
Trog
Uskayaw
Vehumet
Wu Jian
Xom
Yredelemnul
Zin
The Shining One
Lugonu

Shops:
D:5 (*(

Portals:
Abyss: D:4

Annotations:
D:4 2 runed translucent doors
D:6 2 transporters, Drazool's ghost, novice FoFi
D:10 1 runed translucent door


Message History

You miscast Stone Arrow.
You are very lightly contaminated with residual magic.
Nothing appears to happen.
The two-headed ogre closely misses you. The two-headed ogre barely misses you.
Casting: Stone Arrow (safe; 1% risk of failure)
Confirm with . or Enter, or press ? or * to list all spells.
Aiming: Stone Arrow (safe; 1% risk of failure)
Press: ? - help, Shift-Dir - straight line, f/p - two-headed ogre
Aim: a two-headed ogre, wielding a +0 giant spiked club and a +0 giant club (almost dead, ally target, 89% to hit)
The stone arrow hits the two-headed ogre!
The two-headed ogre is almost dead.
Your battlesphere fires!
The barrage of energy hits the warg.
The warg is severely wounded.
The two-headed ogre hits you with a +0 giant spiked club!
The two-headed ogre barely misses you.
The manticore flicks its tail.
The volley of spikes misses you.
Huge Dmg: -32%(-16hp) hp: 52%(26hp)
Casting: Stone Arrow (safe; 1% risk of failure)
Confirm with . or Enter, or press ? or * to list all spells.
You erupt in a blast of force!
The mystic blast hits the warg!
You kill the warg!
Vehumet accepts your kill.
Vehumet offers you knowledge of Sticky Flame.
The mystic blast hits the warg!
The warg is heavily wounded.
The warg is knocked back by the mystic blast.
The mystic blast hits the warg!
The warg is heavily wounded.
The warg is knocked back by the mystic blast.
The mystic blast hits the two-headed ogre.
The two-headed ogre is almost dead.
You hear a shout!
Your battlesphere fires!
The barrage of energy hits the manticore!
The manticore is moderately wounded.
The two-headed ogre hits you with a +0 giant spiked club!!
Ouch! That really hurt!
You die...

#########
#.......#
........#
........###
.....*.@h.#
.......O...#
.....H......#
...D.......$#
...........h#
............#
.....>.......
...........>.#


You could see an eight-headed hydra (ally target), a two-headed ogre, a
manticore, 2 wargs and a friendly battlesphere.

Vanquished Creatures
  A two-headed ogre (D:9)
  An orc knight (D:10)
  An unseen horror (D:10)
  A troll (D:9)
  Grinder (D:6)
  A vampire (D:9)
  Sigmund (D:5)
  10 yaks (D:10)
  Eustachio (D:4)
  A steam dragon (D:8)
  An acid dragon (D:10)
  A warg (D:11)
  A water moccasin (D:9)
  An orc warrior (D:8)
  An ogre (D:5)
  A necrophage (D:5)
  2 centaurs
  A phantom (D:7)
  3 kobold brigands
  3 bullfrogs
  A gnoll sergeant (D:9)
  A scorpion (D:5)
  A water moccasin skeleton (D:5)
  5 wights (D:7)
  5 howler monkeys
  A crimson imp (D:5)
  2 bullfrog zombies (D:6)
  2 gnoll shamans
  5 orc priests
  5 hounds
  2 jellies
  A bullfrog skeleton (D:6)
  3 iguanas
  7 orc wizards
  2 howler monkey zombies (D:8)
  A howler monkey skeleton (D:7)
  6 adders
  14 gnolls
  A shadow imp (D:6)
  3 white imps
  An ufetubus (D:6)
  4 dart slugs (D:2)
  23 orcs
  7 ball pythons
  8 endoplasms
  5 giant cockroaches
  6 hobgoblins
  6 jackals
  5 quokkas
  2 bats
  A frilled lizard (D:3)
  6 goblins
  19 kobolds
  3 rats
198 creatures vanquished.

Notes
Turn   | Place    | Note
-------+----------+-------------------------------------------
     0 | D:1      | RepHenryClay the Deep Elf Conjurer began the quest for the
                  | Orb.
     0 | D:1      | Reached XP level 1. HP: 10/10 MP: 6/6
   332 | D:1      | Reached XP level 2. HP: 15/15 MP: 6/8
   362 | D:1      | Reached skill level 5 in Conjurations
  1310 | D:2      | Reached XP level 3. HP: 19/19 MP: 6/9
  1757 | D:2      | Reached XP level 4. HP: 24/24 MP: 4/10
  2083 | D:3      | Found a sparkling altar of Nemelex Xobeh.
  2146 | D:3      | Found a shadowy altar of Dithmenos.
  2146 | D:3      | Found a hazy altar of Hepliaklqana.
  2149 | D:3      | Noticed a shadow
  2307 | D:3      | Learned a level 2 spell: Searing Ray
  2312 | D:3      | Learned a level 4 spell: Iskenderun's Mystic Blast
  2929 | D:4      | Reached XP level 5. HP: 28/28 MP: 6/11
  3031 | D:4      | Noticed Eustachio
  3037 | D:4      | Killed Eustachio
  3038 | D:4      | Reached XP level 6. HP: 14/32 MP: 3/13
  3253 | D:4      | Found a large runed translucent door.
  3253 | D:4      | Found a large runed translucent door.
  3254 | D:4      | Found a corrupted altar of Lugonu.
  3283 | D:4      | Learned a level 5 spell: Iskenderun's Battlesphere
  3290 | D:4      | Found a staircase to the Ecumenical Temple.
  3326 | Temple   | Entered the Ecumenical Temple
  3388 | Temple   | Became a worshipper of Vehumet
  3416 | D:4      | Found a sacrificial altar of Ru.
  3416 | D:4      | Found a faded altar of an unknown god.
  3424 | D:4      | Found a glowing silver altar of Zin.
  3426 | D:4      | Found a snail-covered altar of Cheibriados.
  3428 | D:4      | Found a faded altar of an unknown god.
  3665 | D:4      | Found a one-way gate to the infinite horrors of the Abyss.
  4200 | D:5      | Entered Level 5 of the Dungeon
  4206 | D:5      | Reached skill level 4 in Spellcasting
  4375 | D:5      | Noticed Sigmund
  4382 | D:5      | Killed Sigmund
  4383 | D:5      | Reached skill level 5 in Dodging
  4386 | D:5      | Reached XP level 7. HP: 33/36 MP: 4/15
  4660 | D:5      | Found Henuorecs's Weapon Shoppe.
  4693 | D:5      | Found Wuynirch's Assorted Antiques.
  4772 | D:5      | Reached skill level 5 in Spellcasting
  4925 | D:5      | Found Keotiyf's Weapon Shoppe.
  5024 | D:5      | Found a burning altar of Makhleb.
  5199 | D:5      | Bought a +2 dagger of electrocution for 221 gold pieces
  5248 | D:6      | Reached XP level 8. HP: 41/41 MP: 9/18
  5393 | D:6      | Found a transporter.
  5395 | D:6      | Noticed Drazool's ghost (novice FoFi)
  5398 | D:6      | Noticed a cyclops
  5421 | D:6      | Found a transporter.
  5533 | D:6      | Found an ornate altar of the Wu Jian Council.
  5755 | D:6      | Noticed Grinder
  5763 | D:6      | Killed Grinder
  5764 | D:6      | Reached skill level 6 in Spellcasting
  6050 | D:6      | Reached * piety under Vehumet
  6050 | D:6      | Offered knowledge of Freeze by Vehumet.
  7659 | D:7      | Reached skill level 10 in Conjurations
  7659 | D:7      | Reached XP level 9. HP: 45/45 MP: 19/21
  7867 | D:8      | Reached skill level 7 in Spellcasting
  8487 | D:8      | Reached ** piety under Vehumet
  8487 | D:8      | Offered knowledge of Sandblast by Vehumet.
  9175 | D:9      | Noticed a troll
  9180 | D:9      | Killed a troll
  9181 | D:9      | Reached skill level 8 in Spellcasting
  9266 | D:9      | Reached skill level 10 in Dodging
  9350 | D:9      | Noticed a two-headed ogre
  9361 | D:9      | Killed a two-headed ogre
  9373 | D:9      | Reached XP level 10. HP: 50/50 MP: 12/24
  9772 | D:10     | Entered Level 10 of the Dungeon
  9996 | D:10     | Found a hide-covered altar of Uskayaw.
 10000 | D:10     | Identified the +6 morningstar "Kuithret" {vamp, +Rage rF-
                  | rC+}
 10030 | D:10     | Found a staircase to the Lair.
 10048 | D:10     | Offered knowledge of Stone Arrow by Vehumet.
 10052 | D:10     | Reached skill level 9 in Spellcasting
 10063 | D:10     | Learned a level 3 spell: Stone Arrow
 10336 | D:10     | Reached *** piety under Vehumet
 10341 | D:10     | Reached skill level 10 in Spellcasting
 10343 | D:10     | Noticed an orc knight
 10368 | D:10     | Killed an orc knight
 10498 | D:10     | Found a runed translucent door.
 10505 | D:10     | Noticed a yaktaur captain
 10618 | D:10     | Identified the +0 scale mail of Jets {Fly rElec rPois
                  | Int-5}
 10674 | D:10     | Reached skill level 11 in Spellcasting
 10685 | D:10     | Reached skill level 12 in Spellcasting
 11072 | D:10     | Identified the +5 flail "Kuqioppu" {drain, rN++ MP-9 Dex+2}
 11072 | D:10     | Noticed a centaur warrior
 11100 | D:11     | Found a staircase to the Orcish Mines.
 11100 | D:11     | Noticed a two-headed ogre
 11100 | D:11     | Noticed a manticore
 11102 | D:11     | Noticed an eight-headed hydra
 11107 | D:11     | Offered knowledge of Sticky Flame by Vehumet.
 11107 | D:11     | Slain by a two-headed ogre

Illustrated notes

Levels and vault maps discovered:
D:1:      minmay_arrival_jagged, layout_basic
D:2:      layout_rooms, skrybe_limestone_x, st_stairs_4
D:3:      layout_loops_ring, riverfiend_overflow_shadow_ancestor,
          nemelex_spade_bored_becter, kennysheep_flooded_box
D:4:      due_chaos_kobolds, layout_loops_ring,
          chequers_temple_overflow_minitemple, temple_fountains, uniq_eustachio
D:5:      layout_cave_pools, makhleb_grotto_becter, serial_shops,
          nicolae_shop_temple_entry_statues_fountains, shop, nicolae_shop_trees,
          st_stairs_14, uniq_sigmund
D:6:      layout_gridville, nicolae_wu_jian_wuxing_cycle, gammafunk_ghost_arena,
          uniq_grinder
D:7:      layout_cave_pods
D:8:      layout_loops_cross, grunt_ministairs_5
D:9:      layout_roguey
D:10:     layout_loops_ring, old_standard_altar, lair_entry_dummy,
          grunt_ministairs_1, minivault_13
D:11:     layout_rooms, minmay_orc_entry_guard_dogs,
          ebering_ghost_funeral_grove, nicolae_ru_path_of_blood, uniq_grum,
          uniq_snorg
Temple:   nicolae_temple_god_jail

Skill      XL: |  1  2  3  4  5  6  7  8  9 10 |
---------------+-------------------------------+-----
Conjurations   | 5 6 7 8 10 11 | 11.6
Dodging        | 3 5 6 8 10 | 10.9
Spellcasting   | 4 5 6 8 12 | 12.1
Stealth        | |  2.4

Action                   |  1- 3 |  4- 6 |  7- 9 | 10-12 || total
-------------------------+-------+-------+-------+-------++-------
Melee: Dagger            |       |       |     8 |     2 ||    10
 Cast: Magic Dart        |    69 |    71 |   160 |    49 ||   349
       Searing Ray       |       |     7 |    14 |     1 ||    22
       Iskenderun's Myst |       |       |     3 |    15 ||    18
       Iskenderun's Batt |       |       |    25 |    10 ||    35
       Stone Arrow       |       |       |       |     5 ||     5
Evoke: Wand              |       |       |       |     2 ||     2
  Use: Scroll            |       |       |     6 |     2 ||     8
       Potion            |       |       |       |     3 ||     3
Armor: Robe              |       |     5 |     6 |    11 ||    22
Dodge: Dodged            |     3 |    17 |    23 |    23 ||    66

Table legend: (Time is in decaauts)
 A = Elapsed time spent in this place.
 B = Non-inter-level travel time spent in this place.
 C = Inter-level travel time spent in this place.
 D = Time resting spent in this place.
 E = Time spent auto-exploring this place.
 F = Levels seen in this place.
 G = Mean time per level.
                   A        B        C        D        E       F      G
               +--------+--------+--------+--------+--------+-----+--------+
         Total |  11117 |  10675 |    442 |   1338 |   8357 |  12 |  926.4 |
       Dungeon |  11038 |  10614 |    424 |   1338 |   8303 |  11 | 1003.5 |
        Temple |     79 |     62 |     17 |      0 |     54 |   1 |   79.0 |
               +--------+--------+--------+--------+--------+-----+--------+

Top non-repeatable levels by time:
     D:4: 1505 daAuts
     D:7: 1408 daAuts
     D:1: 1268 daAuts
     D:6: 1211 daAuts
    D:10: 1138 daAuts
     D:9: 1064 daAuts
     D:8: 1039 daAuts
     D:3: 867 daAuts
     D:5: 797 daAuts
     D:2: 731 daAuts
  Temple: 79 daAuts
    D:11: 6 daAuts
